 Dungeon Crawl Stone Soup version 0.30.0-2-g1aa4bd4387 (webtiles) character file.

Game seed: 5058013826424770901

22 Byczy the Digger (level 2, 0/15 HPs)
             Began as a Gargoyle Earth Elementalist on May 7, 2023.
             Frozen to death by an endoplasm (5 damage)
             ... on level 1 of the Dungeon.
             The game lasted 00:04:32 (343 turns).

Byczy the Digger (Gargoyle Earth Elementalist)       Turns: 343, Time: 00:04:33

Health: 0/15       AC:  4    Str: 11    XL:     2   Next: 91%
Magic:  0/5        EV: 12    Int: 15    God:
Gold:   35         SH:  5    Dex: 10    Spells: 4/5 levels left

rFire   . . .        f - staff of air
rCold   . . .        (no shield)
rNeg    + . .        a - +0 robe
rPois   ∞            (no helmet)
rElec   +            (no cloak)
rCorr   .            (no gloves)
SInv    .            (no boots)
Will    .....        e - amulet of reflection
Stlth   ++           (no ring)
HPRegen 0.22/turn    (no ring)
MPRegen 0.09/turn

%: reflection
@: no status effects
A: sickness immunity, AC +2, negative energy resistance 1, electricity
resistance, torment resistance 1, petrification resistance
a: no special abilities


You were on level 1 of the Dungeon.
You visited 1 branch of the dungeon, and saw 1 of its levels.

You collected 35 gold pieces.

Inventory:

Hand Weapons
 d - a +0 spear
Armour
 a - a +0 robe (worn)
Magical Staves
 f - a staff of air (weapon)
 i - a staff of air
Jewellery
 e - an amulet of reflection (around neck)
Scrolls
 c - 3 scrolls of identify {unknown}
 g - a scroll of teleportation {unknown}
Potions
 b - a potion of magic
 h - a potion of berserk rage {unknown}


   Skills:
 + Level 0.5(0.6) Polearms
 + Level 0.3(0.5) Staves
 + Level 1.6 Dodging
 + Level 2.2 Stealth
 + Level 2.0 Spellcasting
 + Level 0.7 Transmutations
 + Level 4.4 Earth Magic


You had 4 spell levels left.
You knew the following spells:

 Your Spells              Type           Power      Damage    Failure   Level
a - Sandblast             Erth           28%        2d8       3%          1

Your spell library contained the following spells:

 Spells                   Type           Power      Damage    Failure   Level
 Passwall                 Tmut/Erth      7%         N/A       12%         2
 Stone Arrow              Conj/Erth      16%        3d8       26%         3
 Call Imp                 Summ           2%         N/A       32%         2
 Ignite Poison            Fire/Tmut/Pois 2%         N/A       52%         3
 Volatile Blastmotes      Fire/Tloc      2%         2d10      54%         3
 Petrify                  Tmut/Erth      9%         N/A       58%         4
 Summon Forest            Summ/Tloc      0%         N/A       99%         5


Dungeon Overview and Level Annotations

Branches:
Dungeon (1/15)

Altars:


Innate Abilities, Weirdness & Mutations

You are immune to sickness and miasma.
Your stone body is resilient. (AC +2)
You are immune to poison.
You resist negative energy. (rN+)
You are resistant to electric shocks. (rElec)
You are resistant to unholy torment.
You are immune to petrification.


Message History

Confirm with . or Enter, or press ? or * to list all spells.
Aiming: Sandblast (safe; 3% risk of failure)
Press: ? - help, Shift-Dir - straight line, f - endoplasm, p - kobold
Aim: an endoplasm (98% to hit)
The blast of sand hits the endoplasm.
The endoplasm is severely wounded.
The endoplasm freezes you.
You are frozen.
* * * LOW HITPOINT WARNING * * *
An endoplasm comes into view.
The endoplasm barely misses you.
Casting: Sandblast (safe; 3% risk of failure)
Confirm with . or Enter, or press ? or * to list all spells.
Aiming: Sandblast (safe; 3% risk of failure)
Press: ? - help, Shift-Dir - straight line, f/p - endoplasm
Aim: an endoplasm (severely wounded, 98% to hit)
The blast of sand hits the endoplasm.
You kill the endoplasm!
You barely miss the kobold.
The kobold is severely wounded.
The kobold barely misses you.
You hit the kobold.
You kill the kobold!
You block the goblin's attack.
You hit the goblin.
The goblin is severely wounded.
You block the goblin's attack.
Casting: Sandblast (safe; 3% risk of failure)
Confirm with . or Enter, or press ? or * to list all spells.
Aiming: Sandblast (safe; 3% risk of failure)
Press: ? - help, Shift-Dir - straight line, f - endoplasm
Aim: an endoplasm (98% to hit)
The blast of sand hits the endoplasm.
The endoplasm is severely wounded.
The goblin closely misses you.
You barely miss the goblin.
The goblin is severely wounded.
The endoplasm freezes you.
You are frozen.
You die...

..#.#...........#>.....
...#.#.........######..#
..........#.#### ##..
.............# ###
.....(.......#
!.............#
.............##
.......J.....#
.....###@#.### .....
##g#.# #...#.l#.#
#.....#.# ...[†....#.#
.........#.#
.#.......#.# #..........
#..#....#.


You could see an endoplasm, a goblin and a frilled lizard.

Vanquished Creatures
  2 dart slugs (D:1)
  2 endoplasms (D:1)
  3 goblins (D:1)
  3 hobgoblins (D:1)
  2 ball pythons (D:1)
  2 bats (D:1)
  A frilled lizard (D:1)
  2 kobolds (D:1)
17 creatures vanquished.

Vanquished Creatures (others)
  A plant (D:1)
1 creature vanquished.

Grand Total: 18 creatures vanquished

Notes
Turn   | Place    | Note
-------+----------+-------------------------------------------
     0 | D:1      | Byczy the Gargoyle Earth Elementalist began the quest for
                  | the Orb.
     0 | D:1      | Reached XP level 1. HP: 10/10 MP: 3/3
    21 | D:1      | Reached skill level 4 in Earth Magic
    42 | D:1      | Reached XP level 2. HP: 5/15 MP: 0/5
    99 | D:1      | Got the Handbook of Accomplices and Thermatology
   343 | D:1      | Frozen to death by an endoplasm

Illustrated notes

Levels and vault maps discovered:
D:1:      mrwooster_arrival_statue_2, layout_rooms,
          ebering_ecumenical_altar_abandoned, serial_forest,
          infiniplex_forest_lined_2, infiniplex_forest_straight_4,
          infiniplex_forest_straight_4, infiniplex_forest_straight_3,
          infiniplex_forest_zigzag_2, infiniplex_forest_clump_long,
          infiniplex_forest_end_1, minmay_tromino_mix6

Skill      XL: |  1 |
---------------+----+-----
Earth Magic    | 4 |  4.4
Polearms       | |  0.5
Staves         | |  0.3
Dodging        | |  1.6
Stealth        | |  2.2
Spellcasting   | |  2.0
Transmutations | |  0.7

Action                     || total
---------------------------++-------
  Melee: Spear             ||     7
         Staff             ||    11
   Cast: Sandblast         ||    22
 Armour: Robe              ||     2
  Dodge: Dodged            ||    14
  Block: Other             ||     3
